 Dungeon Crawl Stone Soup version 0.13-a0-3140-gbdcfb35 (webtiles) character file.

277 Kae the Firebug (level 5, 0/28 HPs)
             Began as a Tengu Fire Elementalist on Sept 22, 2013.
             Was an Initiate of Vehumet.
             Slain by an orc wizard
             ... wielding a +2,+2 orcish dagger
              (2 damage)
             ... on Level 3 of the Dungeon.
             The game lasted 00:04:47 (3076 turns).

Kae the Firebug (Tengu Fire Elementalist)           Turns: 3076, Time: 00:04:47

HP   0/28        AC  2     Str  8      XL: 5   Next:  5%
MP   9/12        EV 12     Int 16      God: Vehumet [......]
Gold 156         SH  0     Dex 15      Spells:  3 memorised,  2 levels left

Res.Fire  : . . .   See Invis. : .   k - +1 dagger (venom)
Res.Cold  : . . .   Warding    : .   a - +0 robe
Life Prot.: . . .   Conserve   : .   (no shield)
Res.Poison: .       Res.Corr.  : .   (helmet restricted)
Res.Elec. : .       Clarity    : .   (no cloak)
Sust.Abil.: . .     Spirit.Shd : .   (no gloves)
Res.Mut.  : .       Stasis     : .   (boots unavailable)
Res.Rott. : .       Flight     : .   (no amulet)
Saprovore : . . .                    (no ring)
                                     (no ring)

@: slightly resistant to hostile enchantments, fairly stealthy
A: able to fly, beak, talons 3
a: Fly, Renounce Religion


You were on level 3 of the Dungeon.
You worshipped Vehumet.
Vehumet was noncommittal.
You were not hungry.

You visited 1 branch of the dungeon, and saw 3 of its levels.

You collected 136 gold pieces.

Inventory:

Hand weapons
 k - a +1,+1 dagger of venom (weapon)
Missiles
 g - 78 darts (quivered)
Armour
 a - a +0 robe (worn)
Comestibles
 c - 2 bread rations
 d - a honeycomb
 l - a pear
 n - a meat ration
 s - a choko
Scrolls
 f - 2 scrolls of remove curse {unknown}
 h - 2 scrolls of amnesia {unknown}
 p - a scroll of blinking {unknown}
 q - 2 scrolls of curse jewellery {unknown}
 r - a scroll of fog {unknown}
Jewellery
 o - an uncursed amulet of faith {unknown}
Potions
 e - a potion of curing
 i - a potion of cure mutation {unknown}
 j - 2 potions of heal wounds {unknown}
 m - a potion of restore abilities {unknown}
 t - a potion of mutation {unknown}
Books
 b - a book of Flames

   Spells                             Type                      Level
   *Flame Tongue                      Conjuration/Fire             1
   *Throw Flame                       Conjuration/Fire             2
   *Conjure Flame                     Conjuration/Fire             3
   Inner Flame                        Hexes/Fire                   3
   Sticky Flame                       Conjuration/Fire             4
   Fireball                           Conjuration/Fire             5


   Skills:
 - Level 2.2 Dodging
 - Level 2.0 Stealth
 + Level 2.4 Spellcasting
 * Level 3.8 Conjurations
 + Level 4.3 Fire Magic


You had 2 spell levels left.
You knew the following spells:

 Your Spells              Type           Power        Failure   Level  Hunger
a - Flame Tongue          Conj/Fire      ###..        4%          1    #......
b - Throw Flame           Conj/Fire      ###...       8%          2    ##.....
c - Conjure Flame         Conj/Fire      ###.....     12%         3    ####...


Dungeon Overview and Level Annotations

Branches:
Dungeon (3/27)

Altars:
Makhleb
Nemelex Xobeh
Vehumet


Innate Abilities, Weirdness & Mutations

You can fly.
You have a beak for a mouth.
You have claws for feet.


Message History

You hear some strange, mumbled words.
You are confused.
It hits you.
Drink which item? (? for menu, Esc to quit)
You feel better. It hits you.
Casting: Flame Tongue
Confirm with . or Enter, or press ? or * to list all spells.
Aiming: Flame Tongue
Press: ? - help, Shift-Dir - straight line, f - orc
Aim: an orc, wielding an orcish mace and wearing an orcish scale mail The flame hits the orc.
The orc appears unharmed.
It hits you but does no damage.
You barely miss the orc. It hits you. The orc misses you.
You hit the orc but do no damage.
The orc is poisoned.
You hear some strange, mumbled words.
The magic dart hits you! The orc hits you with an orcish mace!
* * * LOW HITPOINT WARNING * * *
You hit the orc but do no damage.
The orc looks even sicker.
You peck the orc, but do no damage. It hits you.
You die...

#.. ##.. ##.####
####' #.....#
###.... #.....#
###.'....
#.....####...#....
#........>.###....
#.....###### #.<..
#..[..# #....
#@....# ###+#
##o#### #.# #)##
#..# ####.######
#.........#
#...o......#
#...........


You could see 2 orcs.

Vanquished Creatures
  Ijyb (D:2)
  A gnoll (D:1)
  4 adders (D:3)
  A worm (D:2)
  An orc (D:3)
  4 ball pythons
  7 bats
  6 giant cockroaches
  8 hobgoblins
  A quokka (D:2)
  5 giant newts
  3 goblins
  6 kobolds
  6 rats
54 creatures vanquished.

Notes
Turn   | Place    | Note
--------------------------------------------------------------
     0 | D:1      | Kae, the Tengu Fire Elementalist, began the quest for the Orb.
     0 | D:1      | Reached XP level 1. HP: 10/10 MP: 3/3
   304 | D:1      | Reached XP level 2. HP: 12/15 MP: 3/5
   659 | D:1      | Reached XP level 3. HP: 16/19 MP: 1/7
  1337 | D:2      | Noticed Ijyb
  1409 | D:2      | Found a radiant altar of Vehumet.
  1409 | D:2      | Found a sparkling altar of Nemelex Xobeh.
  1411 | D:2      | Found a burning altar of Makhleb.
  1426 | D:2      | Became a worshipper of Vehumet
  1788 | D:2      | Reached skill level 4 in Fire Magic
  2127 | D:2      | Learned a level 3 spell: Conjure Flame
  2138 | D:2      | Killed Ijyb
  2138 | D:2      | Reached XP level 4. HP: 15/24 MP: 0/9
  2979 | D:3      | Reached XP level 5. HP: 28/28 MP: 9/12
  3027 | D:3      | Learned a level 2 spell: Throw Flame
  3076 | D:3      | Slain by an orc wizard

Action                   |  1- 3 |  4- 6 || total
-------------------------+-------+-------++-------
Melee: Unarmed           |    15 |       ||    15
       Dagger            |    34 |    22 ||    56
 Cast: Flame Tongue      |    57 |    22 ||    79
  Use: Potion            |     1 |     2 ||     3
 Stab: Sleeping          |     3 |     3 ||     6
